[Event "Titled Tuesday Blitz September 28 2021"]
[White "Tsydypov, Zhamsaran"]
[Black "Zhigalko, Sergei"]
[WhiteFideId "4108566"]
[BlackFideId "13502956"]
[WhiteElo "2970"]
[BlackElo "2892"]
[Result "1-0"]
[Round "06"]
[TimeControl "180+1"]
[Date "2021.09.28"]
[WhiteClock "0:00:11"]
[BlackClock "0:00:02"]

1. d4 Nf6 2. c4 e6 3. Nf3 b6 4. g3 Ba6 5. Qc2 Bb4+ 6. Bd2 Be7 7. e4 d5 8. cxd5 Bxf1 9. Kxf1 exd5 10. e5 Ne4 11. Nc3 Nxd2+ 12. Qxd2 Qd7 13. Kg2 Nc6 14. Rac1 Nd8 15. Rhd1 Ne6 16. Ne2 O-O 17. Nf4 Rac8 18. h4 c6 19. h5 h6 20. Ne2 Bg5 21. Nxg5 Nxg5 22. Nf4 f6 23. Qd3 fxe5 24. dxe5 Rxf4 25. gxf4 Ne6 26. Qg3 Rf8 27. Kf1 Nxf4 28. Rd4 Nxh5 29. Qg4 Qf7 30. Rc2 Nf4 31. Rxc6 h5 32. Qf3 Qf5 33. Rxf4 Qxf4 34. Qxf4 Rxf4 35. Rd6 Rd4 36. Rd7 a5 37. e6 Re4 38. Rd6 b5 39. f3 Re5 40. f4 Re4 41. Kg2 h4 42. Kf3 a4 43. f5 h3 44. Kg3 Re3+ 45. Kh2 Kf8 46. Rxd5 Ke7 47. Rxb5 g6 48. fxg6 Kxe6 49. Rg5 Re2+ 50. Kxh3 Rc2 51. g7 Kf6 52. g8=Q 1-0


[Site "https://www.chess.com"]

[Event "Titled Tuesday Blitz September 28 2021"]
[White "Vakhlamov, Igor L."]
[Black "Drozdowski, Kacper"]
[WhiteFideId "24126748"]
[BlackFideId "1136720"]
[WhiteElo "2416"]
[BlackElo "2507"]
[Result "0-1"]
[Round "06"]
[TimeControl "180+1"]
[Date "2021.09.28"]
[WhiteClock "0:00:02"]
[BlackClock "0:02:06"]

1. e4 c5 2. Nf3 e6 3. Nc3 Nc6 4. Bb5 Nge7 5. O-O a6 6. Bxc6 Nxc6 7. d4 cxd4 8. Nxd4 Bc5 9. Nxc6 bxc6 10. e5 Be7 11. Ne4 O-O 12. Be3 a5 13. Bc5 Bxc5 14. Nxc5 Qb6 15. Qd4 Rb8 16. b3 f6 17. Rad1 fxe5 18. Qxe5 Rf5 19. Nxd7 Bxd7 20. Qd6 Rbf8 21. Qxd7 Rxf2 22. Qxe6+ Kh8 23. Rfe1 Rf1# 0-1


[Site "https://www.chess.com"]

[Event "Titled Tuesday Blitz September 28 2021"]
[White "Viani Antonio Dcunha"]
[Black "Brunner, Nicolas"]
[WhiteFideId "5027330"]
[BlackFideId "620246"]
[WhiteElo "2366"]
[BlackElo "2372"]
[Result "0-1"]
[Round "06"]
[TimeControl "180+1"]
[Date "2021.09.28"]
[WhiteClock "0:00:12"]
[BlackClock "0:00:13"]

1. d4 d5 2. Bf4 e6 3. Nc3 Nf6 4. Nf3 Bd6 5. e3 O-O 6. Bd3 c5 7. Ne5 Nc6 8. O-O cxd4 9. exd4 Nxd4 10. Bxh7+ Kxh7 11. Qxd4 Kg8 12. Rfe1 Nh5 13. Rad1 a6 14. Rd3 Nxf4 15. Qxf4 Qf6 16. Qg3 b5 17. Rf3 Qh6 18. Nxf7 Rxf7 19. Qxd6 Rxf3 20. gxf3 Qf6 21. Nxd5 Qg5+ 22. Kf1 Qxd5 23. Qxd5 exd5 24. Re7 Bf5 25. c3 Rd8 26. Ra7 Rd6 27. Ke2 Kh7 28. Ke3 Bb1 29. a3 Kg6 30. Kd4 Ba2 31. Ke5 Rf6 32. f4 Rf5+ 33. Kd6 Rxf4 34. Kc5 Rf6 35. b4 Bc4 36. h4 Kh6 37. Ra8 Rxf2 38. Rxa6+ Kh5 39. Ra7 g6 40. Rh7+ Kg4 41. Rg7 Rf6 42. Rh7 Ra6 43. Rh6 Rxa3 44. Rxg6+ Kxh4 45. Kd4 Ra1 46. Rg2 Rd1+ 47. Ke5 Rd3 48. Rc2 Kg4 49. Kd6 Kf3 50. Kc5 Ke3 51. Rc1 Kd2 0-1


[Site "https://www.chess.com"]

[Event "Titled Tuesday Blitz September 28 2021"]
[White "Weetik, Vjacheslav"]
[Black "Gracia Alvarez, Gerardo Antonio"]
[WhiteFideId "4153472"]
[BlackFideId "5109124"]
[WhiteElo "2469"]
[BlackElo "2148"]
[Result "0-1"]
[Round "06"]
[TimeControl "180+1"]
[Date "2021.09.28"]
[WhiteClock "0:00:09"]
[BlackClock "0:00:26"]

1. e4 c5 2. Nf3 Nc6 3. Bb5 g6 4. O-O Bg7 5. Nc3 Nf6 6. e5 Ng4 7. Bxc6 dxc6 8. Re1 Nh6 9. Ne4 b6 10. d4 cxd4 11. Nxd4 Nf5 12. Nxc6 Qxd1 13. Rxd1 Bb7 14. Nxe7 Bxe4 15. Nxf5 Bxf5 16. c3 O-O 17. Bf4 Rfd8 18. h3 Kf8 19. Rd6 Rxd6 20. exd6 Re8 21. Rd1 Bd7 22. Rd2 Re6 23. f3 Be5 24. Bxe5 Rxe5 25. Kf2 f5 26. c4 a5 27. b3 Kf7 28. a3 b5 29. cxb5 Rxb5 30. Rd3 Ke6 31. Ke3 Rd5 32. Rxd5 Kxd5 33. Kf4 h6 34. h4 Kxd6 35. b4 a4 36. g4 fxg4 37. fxg4 Kd5 38. g5 h5 39. Ke3 Bb5 40. Kf4 Kd4 41. Kf3 Ke5 42. Ke3 Ba6 43. Kf3 Kf5 44. Ke3 Kg4 45. Kd4 Kxh4 46. Kc5 Kxg5 47. b5 Bb7 48. Kb6 Bf3 0-1


[Site "https://www.chess.com"]

[Event "Titled Tuesday Blitz September 28 2021"]
[White "Yakubboev, Nodirbek"]
[Black "Lazavik, Denis"]
[WhiteFideId "14203987"]
[BlackFideId "13515110"]
[WhiteElo "2464"]
[BlackElo "2436"]
[Result "0-1"]
[Round "06"]
[TimeControl "180+1"]
[Date "2021.09.28"]
[WhiteClock "0:00:01"]
[BlackClock "0:00:14"]

1. d4 d5 2. c4 c6 3. Nf3 Nf6 4. e3 Bf5 5. Nc3 e6 6. Nh4 Be4 7. f3 Bg6 8. Qb3 Qc7 9. Bd2 Be7 10. cxd5 cxd5 11. Nxg6 hxg6 12. O-O-O Nc6 13. Kb1 a6 14. Rc1 Rc8 15. Bd3 Nd7 16. Ne2 b5 17. e4 Nb6 18. exd5 exd5 19. Bf4 Qd7 20. g4 Nc4 21. Ka1 Bf6 22. g5 Bxd4 23. Nxd4 Nxd4 24. Rhe1+ Ne6 25. Bg3 O-O 26. Qd1 Nc5 27. Bb1 d4 28. b3 Na3 29. Bd3 Rfe8 30. Rxe8+ Qxe8 31. Kb2 b4 32. Bf2 Nxd3+ 33. Qxd3 Rxc1 34. Kxc1 Nb5 35. Kd2 Qe5 36. h4 Qf4+ 37. Kc2 Qh2 38. Qd2 Qg2 39. Kd3 Qxf3+ 40. Kc4 Nd6+ 41. Kxd4 Qg4+ 42. Kd5 Ne4 43. Qe3 Qf5+ 44. Kc4 Nxf2 45. Kxb4 Nd3+ 46. Kc3 Ne5 47. b4 Qe6 48. Qe4 Qd6 49. a4 Nc6 50. Qc4 Qg3+ 51. Kb2 Qf2+ 52. Kc3 Qe1+ 53. Kb3 Qb1+ 54. Kc3 Qa1+ 55. Kd3 Ne5+ 0-1


[Site "https://www.chess.com"]

[Event "Titled Tuesday Blitz September 28 2021"]
[White "Yoo, Christopher Woojin"]
[Black "Azarov, Sergei"]
[WhiteFideId "30909694"]
[BlackFideId "13501470"]
[WhiteElo "2105"]
[BlackElo "2494"]
[Result "1-0"]
[Round "06"]
[TimeControl "180+1"]
[Date "2021.09.28"]
[WhiteClock "0:00:06"]
[BlackClock "0:00:07"]

1. e4 c5 2. Nf3 d6 3. d4 cxd4 4. Nxd4 Nf6 5. Nc3 g6 6. Bg5 Bg7 7. Bb5+ Bd7 8. Qe2 a6 9. Bxd7+ Nbxd7 10. f4 Qc7 11. O-O-O O-O 12. Bxf6 Nxf6 13. e5 dxe5 14. fxe5 Nh5 15. Rhe1 Rad8 16. Qe4 e6 17. g4 Bh6+ 18. Kb1 Nf4 19. Nf3 Nd5 20. Nxd5 Rxd5 21. Rxd5 exd5 22. Qxd5 Re8 23. e6 fxe6 24. Rxe6 Rxe6 25. Qxe6+ Qf7 26. Qc8+ Kg7 27. Qc3+ Kg8 28. Qb3 Bf4 29. c3 h5 30. gxh5 gxh5 31. Kc2 Kg7 32. Qxf7+ Kxf7 33. Kd3 b5 34. Ke4 Bc1 35. b3 Ke6 36. Nd4+ Kd6 37. Ne2 Bg5 38. Nf4 h4 39. Nd3 Bf6 40. c4 bxc4 41. bxc4 Kc6 42. Kf5 Be7 43. Ke6 Bg5 44. h3 a5 45. Kf5 Bd8 46. Ke4 a4 47. Ke5 Bg5 48. Kf5 Bd8 49. Ke4 Bf6 50. Ke3 Bg5+ 51. Ke2 Bf6 52. Kf3 Bd8 53. Ke4 Bf6 54. Kf5 Bd8 55. Ke6 Bg5 56. Ke5 Bd8 57. Kf4 Be7 58. Ke3 Bg5+ 59. Ke2 Bf6 60. Kd2 Kd6 61. Kc2 Kc6 62. Nf4 Kc5 63. Kd3 Be7 64. Nd5 Bg5 65. a3 Bd8 66. Nc3 Kc6 67. Nxa4 Be7 68. c5 Kb5 69. Nc3+ Kxc5 70. a4 Kb6 71. Nd5+ Ka5 72. Nxe7 Kxa4 73. Nf5 Kb5 74. Nxh4 Kc6 75. Ke4 Kc5 76. Kf5 Kc4 77. Ng6 Kc3 78. h4 1-0


[Site "https://www.chess.com"]

[Event "Titled Tuesday Blitz September 28 2021"]
[White "Zubov, Alexander"]
[Black "Kamsky, Gata"]
[WhiteFideId "14109409"]
[BlackFideId "2000024"]
[WhiteElo "2973"]
[BlackElo "2909"]
[Result "1-0"]
[Round "06"]
[TimeControl "180+1"]
[Date "2021.09.28"]
[WhiteClock "0:00:04"]
[BlackClock "0:00:04"]

1. d4 d5 2. c4 c6 3. Nf3 Nf6 4. Nc3 a6 5. c5 g6 6. Bf4 Nh5 7. Bg5 Bg7 8. h3 O-O 9. e4 dxe4 10. Nxe4 Be6 11. Be2 Nd7 12. O-O Nhf6 13. Nc3 b6 14. cxb6 Qxb6 15. Na4 Qa7 16. Rc1 Rfc8 17. b3 h6 18. Bd2 a5 19. Re1 Bd5 20. Be3 e6 21. Ne5 Qb8 22. Bf3 Nxe5 23. dxe5 Nd7 24. Bd4 Bxf3 25. Qxf3 Nxe5 26. Qe3 Nd7 27. Bxg7 Kxg7 28. Red1 Ra7 29. Rd4 Nf6 30. Nc5 e5 31. Rdc4 Rd8 32. Nd3 e4 33. Nc5 Re7 34. Qc3 Qe5 35. Qxa5 Rde8 36. Qd2 e3 37. Qxe3 Qxe3 38. fxe3 Rxe3 39. a4 Re2 40. R4c2 Re1+ 41. Kh2 Rxc1 42. Rxc1 Re2 43. Ra1 Re5 44. b4 Nd5 45. Na6 Re4 46. a5 Nxb4 47. Nc5 Rc4 48. a6 Nd5 49. a7 Nb6 50. Nd7 Na8 51. Kg3 Rd4 52. Nb8 c5 53. Kf3 c4 54. Ke3 Rd3+ 55. Ke2 Rd6 56. Rc1 Re6+ 57. Kf3 Re7 58. Nc6 Rc7 59. Rxc4 Nb6 60. Rc1 h5 61. Ke4 g5 62. Kd4 Na8 63. Kc5 Rd7 64. Rc2 Nc7 65. Rb2 Rd5+ 66. Kb6 Na8+ 67. Kb7 Rd6 68. Kxa8 Rxc6 69. Kb7 1-0


[Site "https://www.chess.com"]

[Event "Titled Tuesday Blitz September 28 2021"]
[White "pawel83"]
[Black "Kovalchuk94"]
[WhiteElo "2432"]
[BlackElo "2680"]
[Result "0-1"]
[Round "06"]
[TimeControl "180+1"]
[Date "2021.09.28"]
[WhiteClock "0:01:34"]
[BlackClock "0:01:08"]

1. d4 Nf6 2. c4 e6 3. Nf3 d5 4. Nc3 Bb4 5. Qb3 c5 6. a3 Bxc3+ 7. bxc3 Nc6 8. e3 O-O 9. Bb2 Na5 10. Qa2 b6 11. cxd5 exd5 12. dxc5 bxc5 13. c4 Ba6 14. Nd2 d4 15. e4 Re8 16. Bd3 Nxe4 17. Bxe4 f5 18. f3 fxe4 19. fxe4 Qh4+ 20. g3 Rxe4+ 21. Nxe4 Qxe4+ 22. Kd2 Nxc4+ 23. Kc1 Qxh1+ 24. Kc2 Qe4+ 25. Kb3 0-1


[Site "https://www.chess.com"]

[Event "Titled Tuesday Blitz September 28 2021"]
[White "AleksanderHnydiuk"]
[Black "Maly, Alexey"]
[BlackFideId "14103184"]
[WhiteElo "2591"]
[BlackElo "2250"]
[Result "1-0"]
[Round "07"]
[TimeControl "180+1"]
[Date "2021.09.28"]
[WhiteClock "0:00:04"]
[BlackClock "0:00:05"]

1. e4 c6 2. d4 d5 3. e5 Bf5 4. Nf3 e6 5. Be2 Nd7 6. O-O h6 7. Nbd2 Ne7 8. Nb3 Bg6 9. a4 Nf5 10. a5 a6 11. c4 dxc4 12. Nbd2 Be7 13. Nxc4 O-O 14. g4 Nh4 15. Nxh4 Bxh4 16. f4 f5 17. Nd6 Qc7 18. Bc4 Rae8 19. gxf5 Bxf5 20. Nxe8 Rxe8 21. Qh5 Rf8 22. Qxh4 Rf7 23. Be3 Nf8 24. Rf3 Kh7 25. Qf2 Ng6 26. Rg3 Ne7 27. h4 Qd8 28. h5 Qd7 29. Kh2 Be4 30. Rag1 Nf5 31. Rg6 Qe8 32. Qe2 Bd5 33. Bxd5 cxd5 34. Rc1 Qd8 35. Bf2 Qd7 36. Qg4 Kh8 37. Rc5 Rf8 38. Qe2 Ne7 39. Rg4 Rf5 40. Rh4 Qa4 41. Be3 Qa1 42. Rh3 Qb1 43. Rc1 Qe4 44. Qg2 Qd3 45. Rg1 Rf7 46. Bd2 Qc2 47. Bb4 Qc4 48. Bxe7 Rxe7 49. Rg3 Qxd4 50. Rxg7 Qxf4+ 51. Qg3 Qd2+ 52. Rg2 Qxg2+ 53. Qxg2 Rxg7 54. Qd2 Kh7 55. Qc2+ Kh8 56. Qc8+ Rg8 57. Qxe6 Kh7 58. Qf7+ Rg7 59. Qf5+ Kh8 60. e6 Rg5 61. Qf8+ Kh7 62. Qf7+ Rg7 63. Qf5+ Kh8 64. Qxd5 Rg5 65. Qd8+ Kh7 66. e7 Rxh5+ 67. Kg3 Rg5+ 68. Kf4 Rg7 69. e8=Q h5 70. Qxh5# 1-0


[Site "https://www.chess.com"]

[Event "Titled Tuesday Blitz September 28 2021"]
[White "Avila Pavas, Santiago"]
[Black "Aitbayev, Aslan"]
[WhiteFideId "4437128"]
[BlackFideId "13704613"]
[WhiteElo "2292"]
[BlackElo "2417"]
[Result "0-1"]
[Round "07"]
[TimeControl "180+1"]
[Date "2021.09.28"]
[WhiteClock "0:00:01"]
[BlackClock "0:00:05"]

1. d4 d5 2. Nf3 Nf6 3. c4 c6 4. Nc3 e6 5. e3 Nbd7 6. Be2 Bd6 7. O-O O-O 8. b3 b6 9. Bb2 Bb7 10. Rc1 Qe7 11. Qc2 Rad8 12. Rfd1 Rfe8 13. e4 dxe4 14. Nxe4 Nxe4 15. Qxe4 Nf6 16. Qh4 Ba3 17. Bxa3 Qxa3 18. Rc2 c5 19. Rcd2 Bxf3 20. Bxf3 cxd4 21. Bc6 Rf8 22. Rxd4 Rxd4 23. Qxd4 Qxa2 24. Qc3 a5 25. Ra1 Qe2 26. Bf3 Ne4 27. Qd4 Qxf2+ 28. Qxf2 Nxf2 29. Kxf2 Rd8 30. Rd1 Rxd1 31. Bxd1 Kf8 32. Ke3 Ke7 33. Kd4 Kd6 34. Bc2 f5 35. g3 g6 36. Bd3 e5+ 37. Kc3 Kc5 38. Be2 e4 39. Bd1 b5 40. cxb5 Kxb5 41. Bc2 Kc5 42. Bd1 Kd5 43. h3 g5 44. Be2 f4 45. Bc4+ Ke5 46. gxf4+ gxf4 47. Kd2 Kd4 48. Bg8 h6 49. Ke2 Ke5 50. Bh7 Kd5 51. Kd2 Kd4 52. Ke2 Ke5 53. Kf2 Kd5 54. h4 Kd4 55. Ke2 Kd5 56. Bg8+ Ke5 57. Bc4 Kd4 58. Ba6 Kc3 59. Bb7 Kd4 60. Bc6 Ke5 61. Ba8 Kf5 62. Kd2 e3+ 63. Ke2 Kg4 64. Bc6 Kxh4 65. Kf3 Kg5 66. Bb5 Kf5 67. Bd7+ Ke5 68. Bg4 Kd4 69. Kxf4 Kd3 70. Bd1 e2 0-1


[Site "https://www.chess.com"]

[Event "Titled Tuesday Blitz September 28 2021"]
[White "Azarov, Sergei"]
[Black "Saya, Ethan"]
[WhiteFideId "13501470"]
[BlackFideId "26095181"]
[WhiteElo "2494"]
[BlackElo "2217"]
[Result "1-0"]
[Round "07"]
[TimeControl "180+1"]
[Date "2021.09.28"]
[WhiteClock "0:01:34"]
[BlackClock "0:01:03"]

1. e4 d5 2. exd5 Qxd5 3. Nc3 Qa5 4. d4 Nf6 5. Nf3 c6 6. Bc4 Bf5 7. Bd2 e6 8. Nd5 Qd8 9. Nxf6+ Qxf6 10. Bb3 Bg4 11. Qe2 Bd6 12. O-O-O Bxf3 13. gxf3 Bf4 14. d5 cxd5 15. Qb5+ Nd7 16. Qxb7 Rd8 17. Qxa7 O-O 18. Bxf4 Qxf4+ 19. Qe3 Qb4 20. c3 Qb5 21. Rhg1 Rb8 22. h4 Nc5 23. Rxg7+ Kh8 24. Qh6 Nd3+ 25. Kb1 1-0


[Site "https://www.chess.com"]

[Event "Titled Tuesday Blitz September 28 2021"]
[White "Babiy, Olga"]
[Black "Shimelkov, Vasiliy"]
[WhiteFideId "14117258"]
[BlackFideId "13701630"]
[WhiteElo "2253"]
[BlackElo "2073"]
[Result "0-1"]
[Round "07"]
[TimeControl "180+1"]
[Date "2021.09.28"]
[WhiteClock "0:00:02"]
[BlackClock "0:00:36"]

1. d4 d5 2. Bf4 e6 3. e3 Bd6 4. Nf3 Bxf4 5. exf4 Ne7 6. Bd3 Nd7 7. Ne5 c5 8. dxc5 Nxc5 9. Bb5+ Bd7 10. Nxd7 Nxd7 11. O-O O-O 12. Nd2 a6 13. Be2 Nc5 14. Nf3 Nf5 15. Nd4 Nxd4 16. Qxd4 Qb6 17. f5 Rac8 18. fxe6 fxe6 19. Bg4 Rf6 20. Rae1 Rc6 21. c4 Rd6 22. b4 Qxb4 23. Rc1 Nd7 24. Qe3 dxc4 25. Rfd1 Rxd1+ 26. Rxd1 Nf8 27. g3 b5 28. Rd8 Qe7 29. Qd4 e5 30. Qd5+ Kh8 31. Qa8 e4 32. Re8 Qc5 33. Kh1 Rxf2 34. Qxe4 c3 0-1


[Site "https://www.chess.com"]

[Event "Titled Tuesday Blitz September 28 2021"]
[White "Baskin, Robert"]
[Black "Nurmanova, Alua"]
[WhiteFideId "24662402"]
[BlackFideId "13729390"]
[WhiteElo "2521"]
[BlackElo "1869"]
[Result "1/2-1/2"]
[Round "07"]
[TimeControl "180+1"]
[Date "2021.09.28"]
[WhiteClock "0:00:04"]
[BlackClock "0:00:04"]

1. e4 c5 2. Nf3 d6 3. Bb5+ Bd7 4. Bxd7+ Nxd7 5. O-O Ngf6 6. Qe2 e6 7. b3 Be7 8. Bb2 O-O 9. c4 a6 10. d4 cxd4 11. Nxd4 Rc8 12. Nc3 Qa5 13. Rac1 Rfe8 14. Kh1 Bf8 15. f4 Qh5 16. Qxh5 Nxh5 17. g4 Nhf6 18. g5 Nh5 19. f5 Ne5 20. Rcd1 g6 21. f6 h6 22. h4 Ng3+ 23. Kg2 Nxf1 24. Kxf1 Rc7 25. a4 Nc6 26. Nxc6 bxc6 27. Rd3 Rb8 28. Nb1 Rcb7 29. Nd2 Rd7 30. Nf3 Rdb7 31. Nd2 Rd8 32. Nf3 Rbd7 33. Ke2 d5 34. Ne5 Rc7 35. h5 gxh5 36. Rg3 Kh7 37. Rh3 Bd6 38. Rxh5 Bxe5 39. Rxh6+ Kg8 40. Bxe5 Rb7 41. g6 fxg6 42. f7+ Kxf7 43. Rh7+ Ke8 44. Rxb7 dxe4 45. Ke3 Rd1 46. Kxe4 g5 47. Rg7 Re1+ 48. Kd4 c5+ 49. Kxc5 Rxe5+ 50. Kd6 Re3 51. b4 Rb3 52. b5 axb5 53. axb5 Rb4 54. Kc5 Rb1 55. Rxg5 Kf7 56. b6 Kf6 57. Rg3 e5 58. Kc6 e4 59. b7 Kf5 60. Kc7 Kf4 61. Ra3 e3 62. c5 e2 63. Ra4+ Kf5 64. b8=Q Rxb8 65. Kxb8 e1=Q 66. c6 Qb1+ 67. Kc7 Kf6 68. Ra7 Ke6 69. Rb7 Qh7+ 70. Kb8 Qg8+ 71. Ka7 Qg1+ 72. Ka8 Qa1+ 73. Kb8 Qh8+ 74. Ka7 Qa1+ 75. Kb6 Qb2+ 76. Kc7 Qe5+ 77. Kc8 Qh8+ 78. Kc7 Qe5+ 79. Kb6 Qb2+ 80. Ka7 Qa3+ 81. Kb8 Qf8+ 82. Ka7 Qa3+ 83. Kb6 Qb4+ 84. Ka6 Qa3+ 85. Kb5 Qb2+ 86. Kc5 Qe5+ 87. Kb6 Qb2+ 1/2-1/2


[Site "https://www.chess.com"]

[Event "Titled Tuesday Blitz September 28 2021"]
[White "Berezin, Viktor"]
[Black "Shahade, Gregory"]
[WhiteFideId "14107872"]
[BlackFideId "2009064"]
[WhiteElo "2310"]
[BlackElo "2565"]
[Result "1-0"]
[Round "07"]
[TimeControl "180+1"]
[Date "2021.09.28"]
[WhiteClock "0:00:41"]
[BlackClock "0:00:03"]

1. d4 Nf6 2. Nf3 g6 3. g3 Bg7 4. Bg2 d5 5. O-O O-O 6. c4 dxc4 7. Na3 c3 8. bxc3 c5 9. e3 Nc6 10. Bb2 Bf5 11. Rc1 Qb6 12. Ba1 Rfd8 13. Qb3 Na5 14. Qxb6 axb6 15. Ne5 Ne4 16. g4 Bxe5 17. gxf5 Nd2 18. Rfd1 Bd6 19. Rxd2 cxd4 20. Nb5 dxe3 21. Rd5 exf2+ 22. Kxf2 Bc5+ 23. Nd4 Nc4 24. Rxd8+ Rxd8 25. Ke2 gxf5 26. Rd1 Ra8 27. Bd5 Rxa2+ 28. Kf3 Ne5+ 29. Kf4 Rf2+ 30. Kg3 Rf3+ 31. Nxf3 Ng6 32. Ng5 Bd6+ 33. Kf2 Bxh2 34. Bxf7+ Kg7 35. c4+ Kh6 36. Bxg6 Kxg5 37. Bxh7 1-0


[Site "https://www.chess.com"]

[Event "Titled Tuesday Blitz September 28 2021"]
[White "Bluebaum, Matthias"]
[Black "Visakh N R"]
[WhiteFideId "24651516"]
[BlackFideId "25012223"]
[WhiteElo "2902"]
[BlackElo "2833"]
[Result "1-0"]
[Round "07"]
[TimeControl "180+1"]
[Date "2021.09.28"]
[WhiteClock "0:00:07"]
[BlackClock "0:00:01"]

1. d4 Nf6 2. Nf3 e6 3. Bf4 c5 4. e3 Nc6 5. c3 d5 6. Nbd2 Bd6 7. Bg3 O-O 8. Bd3 Qe7 9. Ne5 Nd7 10. Nxd7 Qxd7 11. dxc5 Bxc5 12. O-O Bd6 13. Bxd6 Qxd6 14. c4 Rd8 15. Be2 d4 16. exd4 Nxd4 17. Nf3 Nxe2+ 18. Qxe2 Bd7 19. Rfd1 Qc7 20. Ne5 Be8 21. b3 a5 22. h4 a4 23. Qe3 axb3 24. axb3 Rxa1 25. Rxa1 f6 26. Nd3 e5 27. Ra7 Bc6 28. Nb4 h6 29. Kh2 Qd6 30. Nxc6 Qxc6 31. Qf3 Rd4 32. Rxb7 Qd6 33. g3 Rd2 34. Kg2 Qd4 35. Rb8+ Kf7 36. h5 e4 37. Qf4 Rd3 38. Rb7+ Kg8 39. Qg4 f5 40. Rb8+ Kf7 41. Qxf5+ Qf6 42. Qxf6+ Kxf6 43. c5 Rc3 44. b4 e3 45. fxe3 Rxe3 46. c6 Rc3 47. b5 Kf5 48. Rb7 Rc2+ 49. Kf3 Rc3+ 50. Ke2 Kg4 51. Rxg7+ 1-0


[Site "https://www.chess.com"]

[Event "Titled Tuesday Blitz September 28 2021"]
[White "Borsuk, Konstantin"]
[Black "Nguyen, Ngoc Truong Son"]
[WhiteFideId "14113406"]
[BlackFideId "12401110"]
[WhiteElo "2414"]
[BlackElo "2596"]
[Result "0-1"]
[Round "07"]
[TimeControl "180+1"]
[Date "2021.09.28"]
[WhiteClock "0:00:07"]
[BlackClock "0:00:15"]

1. d4 Nf6 2. c4 e6 3. Nc3 c5 4. d5 exd5 5. cxd5 d6 6. Nf3 g6 7. g3 Bg7 8. Bg2 O-O 9. O-O a6 10. a4 Nbd7 11. Nd2 Rb8 12. Nc4 Ne8 13. a5 f5 14. e4 Ne5 15. Nb6 Nf6 16. Nxc8 Qxc8 17. f4 Nf7 18. Bh3 h5 19. exf5 gxf5 20. Re1 Ng4 21. Bxg4 hxg4 22. Re6 Re8 23. Qe2 Rxe6 24. dxe6 Bd4+ 25. Be3 Qxe6 26. Bxd4 Qxe2 27. Nxe2 cxd4 28. Nxd4 Rc8 29. Nxf5 Rc2 30. b4 Rb2 31. Ne3 Nh6 32. Rd1 Re2 33. Rd3 Kh7 34. Kf1 Rb2 35. Rxd6 Rxb4 36. Rb6 Rxb6 37. axb6 Kg6 38. Ke2 Kf7 39. Kd3 Ke6 40. Ke4 Kd6 41. f5 Kc5 42. Kf4 a5 43. Nxg4 Nxg4 44. Kxg4 a4 45. f6 Kd6 46. Kf5 a3 47. Kg6 a2 48. f7 Ke7 0-1


[Site "https://www.chess.com"]

[Event "Titled Tuesday Blitz September 28 2021"]
[White "Bortnyk, Olexandr"]
[Black "Andreikin, Dmitry"]
[WhiteFideId "14120828"]
[BlackFideId "4158814"]
[WhiteElo "2967"]
[BlackElo "3026"]
[Result "0-1"]
[Round "07"]
[TimeControl "180+1"]
[Date "2021.09.28"]
[WhiteClock "0:00:03"]
[BlackClock "0:00:05"]

1. e4 e5 2. Bc4 Nf6 3. d3 Nc6 4. Nc3 Na5 5. Bg5 Nxc4 6. dxc4 Be7 7. Qd3 d6 8. O-O-O Be6 9. Nge2 h6 10. Bxf6 Bxf6 11. Kb1 c6 12. f4 exf4 13. Nxf4 Be5 14. Nxe6 fxe6 15. c5 dxc5 16. Qh3 Qg5 17. Qxe6+ Qe7 18. Qf5 Rf8 19. Qh5+ Rf7 20. Rhf1 Bd4 21. Ne2 Rd8 22. c3 Qxe4+ 23. Ka1 g6 24. Qxh6 Rxf1 25. Rxf1 Qxe2 26. Qf8+ Kd7 27. Qf7+ Kc8 28. cxd4 cxd4 29. Rb1 d3 30. Qb3 d2 31. Rd1 Re8 32. Kb1 Qe4+ 33. Qc2 Qxg2 34. Qxd2 Qxd2 35. Rxd2 Re5 36. Rg2 Re6 37. Rd2 Kc7 38. a3 c5 39. Rd5 Kc6 40. Rg5 a5 41. h4 a4 42. Kc2 b5 43. h5 gxh5 44. Rxh5 Rd6 45. Rh8 Rg6 46. Rd8 Rd6 47. Rb8 Rd7 48. Rc8+ Kd5 49. Rh8 Kc4 50. Ra8 Rh7 51. Ra5 Rh2+ 52. Kc1 Rg2 53. Kb1 b4 54. axb4 cxb4 55. Ka2 a3 56. Rh5 Rxb2+ 57. Ka1 Rg2 58. Rh3 b3 59. Rh4+ Kd5 60. Rh5+ Ke4 61. Rh1 Kf3 62. Rb1 Ra2# 0-1


[Site "https://www.chess.com"]

[Event "Titled Tuesday Blitz September 28 2021"]
[White "Brunner, Nicolas"]
[Black "Karttunen, Mika"]
[WhiteFideId "620246"]
[BlackFideId "502081"]
[WhiteElo "2372"]
[BlackElo "2343"]
[Result "1-0"]
[Round "07"]
[TimeControl "180+1"]
[Date "2021.09.28"]
[WhiteClock "0:00:11"]
[BlackClock "0:00:01"]

1. d4 Nf6 2. c4 e6 3. g3 d5 4. Nf3 Bb4+ 5. Bd2 Bd6 6. Bg2 O-O 7. O-O Ne4 8. Qc2 c6 9. Rd1 f5 10. Be1 Nd7 11. e3 g5 12. c5 Be7 13. b4 g4 14. Nfd2 a6 15. a4 h5 16. f3 gxf3 17. Nxf3 Ndf6 18. Ne5 Ng4 19. Nxg4 hxg4 20. Nc3 Bg5 21. Nxe4 fxe4 22. Qe2 e5 23. dxe5 Qe7 24. Bc3 Be6 25. Rf1 Rf3 26. Bxf3 gxf3 27. Qf2 Bh3 28. Rfb1 Kf7 29. Bd4 Kg6 30. b5 Qe6 31. bxa6 bxa6 32. Rb6 Rh8 33. Rab1 Kf5 34. Rb8 Rh7 35. R1b7 Rxb7 36. Rxb7 Kg4 37. Rb6 Qh6 38. Rxa6 Bg2 39. Ra8 Kh3 40. a5 Qg7 41. a6 Qc7 42. Rh8+ Kg4 43. Qa2 Qf7 44. a7 f2+ 45. Qxf2 Qxa7 46. Kxg2 Qa1 47. h3# 1-0


[Site "https://www.chess.com"]

[Event "Titled Tuesday Blitz September 28 2021"]
[White "Chernomordik, Pavel"]
[Black "Korchmar, Vasiliy"]
[WhiteFideId "2804530"]
[BlackFideId "24131750"]
[WhiteElo "2256"]
[BlackElo "2370"]
[Result "0-1"]
[Round "07"]
[TimeControl "180+1"]
[Date "2021.09.28"]
[WhiteClock "0:00:04"]
[BlackClock "0:00:25"]

1. e4 c5 2. Nc3 e5 3. Bc4 g5 4. d3 Bg7 5. Qh5 Nh6 6. Bxg5 Qb6 7. O-O-O Qg6 8. Qh4 O-O 9. Nd5 Nc6 10. Be7 Re8 11. Bxc5 d6 12. Be3 Ng4 13. Nf3 Be6 14. h3 Nxe3 15. Nxe3 Rac8 16. g4 b5 17. Bxb5 Bxa2 18. Nf5 Nb4 19. c3 Re6 20. Kd2 d5 21. cxb4 dxe4 22. Ng5 Bf6 23. Qxh7+ Qxh7 24. Nxh7 Kxh7 25. Bd7 Bg5+ 26. Ke1 Rc2 27. Bxe6 fxe6 28. Ng3 e3 29. fxe3 Bxe3 30. Ne4 Rxb2 31. Rf1 Bf4 32. g5 Bd5 33. Rf3 Kg6 34. h4 Kh5 35. Nf6+ Kxh4 36. Nxd5 exd5 37. g6 Rg2 38. d4 Kg4 39. Ra3 e4 40. g7 Kf5 41. Rxa7 e3 42. Kf1 e2+ 43. Kxg2 exd1=Q 44. g8=Q Qe2+ 45. Kh3 Qh2# 0-1


[Site "https://www.chess.com"]

[Event "Titled Tuesday Blitz September 28 2021"]
[White "De Silva, L M S T"]
[Black "Coto Mederos, Michel"]
[WhiteFideId "9953698"]
[BlackFideId "3508528"]
[WhiteElo "1621"]
[BlackElo "2427"]
[Result "1-0"]
[Round "07"]
[TimeControl "180+1"]
[Date "2021.09.28"]
[WhiteClock "0:01:06"]
[BlackClock "0:00:12"]

1. e4 e5 2. Nf3 Nf6 3. d4 Nxe4 4. Bd3 d5 5. Nxe5 Bd6 6. O-O Nd7 7. Nxd7 Bxd7 8. Nc3 Nxc3 9. bxc3 O-O 10. Qh5 f5 11. Re1 Qf6 12. Qf3 c6 13. Bf4 Rae8 14. h4 g6 15. h5 Rxe1+ 16. Rxe1 Re8 17. Rxe8+ Bxe8 18. hxg6 hxg6 19. Qg3 Bxf4 20. Qxf4 Qe7 21. Kf1 Kf7 22. g4 Bd7 23. gxf5 gxf5 24. Qh6 Qe6 25. Qh7+ Ke8 26. Qh8+ Ke7 27. Qb8 Bc8 28. Be2 a6 29. Bf3 Qd7 30. a4 Qe6 31. a5 Kd8 32. Qf4 Qe7 33. Be2 Qa3 34. Qg5+ Kc7 35. Qg3+ Kd8 36. Bd3 Ke8 37. Qc7 Qf8 38. Qxc8+ Ke7 39. Qxf8+ Kxf8 40. Bxf5 1-0


[Site "https://www.chess.com"]

[Event "Titled Tuesday Blitz September 28 2021"]
[White "Demidov, Mikhail"]
[Black "Timmermans, Mark"]
[WhiteFideId "4197143"]
[BlackFideId "1026399"]
[WhiteElo "2925"]
[BlackElo "2838"]
[Result "1-0"]
[Round "07"]
[TimeControl "180+1"]
[Date "2021.09.28"]
[WhiteClock "0:00:50"]
[BlackClock "0:00:10"]

1. Nf3 Nf6 2. g3 e6 3. Bg2 d5 4. O-O Be7 5. c4 O-O 6. d3 b6 7. Nc3 Bb7 8. cxd5 Nxd5 9. Bd2 Nd7 10. Rc1 c5 11. Qa4 a6 12. a3 b5 13. Qc2 N7b6 14. Ne4 c4 15. Rfd1 Rc8 16. d4 c3 17. Nxc3 Nxc3 18. Bxc3 Na4 19. Qd2 Nxc3 20. Rxc3 Rxc3 21. Qxc3 b4 22. axb4 Qb6 23. Ne5 Rc8 24. Qb3 Bxg2 25. Kxg2 Bxb4 26. d5 Qb7 27. e4 exd5 28. exd5 a5 29. Nc6 Qd7 30. Nxb4 Rb8 31. d6 axb4 32. Qc4 Kf8 33. Qc7 Rd8 34. Qxd7 Rxd7 35. Kf3 Ke8 36. Ke4 Rb7 37. Rc1 Kd7 38. Rc7+ Rxc7 39. dxc7 Kxc7 40. Kd5 Kb6 41. Kc4 Ka5 42. b3 Ka6 43. Kxb4 Kb6 44. Kc4 1-0


[Site "https://www.chess.com"]